 Dungeon Crawl Stone Soup version 0.21.1-1-g345015f (webtiles) character file.

102 Goblin1989 the Ducker (level 4, -3/23 HPs)
             Began as a Spriggan Berserker on Mar 7, 2018.
             Was a Believer of Trog.
             Killed by divine providence
             ... invoked by an orc priest
              (15 damage)
             ... on level 3 of the Dungeon.
             The game lasted 00:04:27 (2628 turns).

Goblin1989 the Ducker (Spriggan Berserker)          Turns: 2628, Time: 00:04:27

Health: -3/23      AC:  2    Str: 13    XL:     4   Next: 50%
Magic:  5/5        EV: 20    Int:  8    God:    Trog [**....]
Gold:   136        SH:  0    Dex: 16    Spells: 3/3 levels left

rFire    + . .     SeeInvis +   a - +0 short sword
rCold    + . .     Gourm    .   (shield restricted)
rNeg     . . .     Faith    .   b - +0 animal skin
rPois    .         Spirit   .   (helmet restricted)
rElec    .         Reflect  .   f - scarf {rC+ rF+}
rCorr    .         Harm     .   (gloves unavailable)
MR       .....                  (boots unavailable)
Stlth    ++........             (no amulet)
HPRegen  0.07/turn              (no ring)
MPRegen  0.09/turn              (no ring)

@: very quick
A: very small, unfitting armour, see invisible, herbivore, speed 3, slow
metabolism 2
a: Berserk, Trog's Hand, Burn Spellbooks, Renounce Religion


You were on level 3 of the Dungeon.
You worshipped Trog.
Trog was pleased with you.
You were not hungry.

You visited 1 branch of the dungeon, and saw 3 of its levels.

You collected 136 gold pieces.

Inventory:

Hand Weapons
 a - a +0 short sword (weapon)
Missiles
 g - 60 stones (quivered) {@Q3}
 t - 19 sling bullets
Armour
 b - a +0 animal skin (worn)
 f - a scarf of resistance (worn)
Jewellery
 n - an uncursed ring of protection from cold {unknown}
Scrolls
 h - a scroll of enchant weapon {unknown}
 k - a scroll of magic mapping {unknown}
 m - 2 scrolls of immolation {unknown}
 o - 3 scrolls of identify {unknown}
 p - 2 scrolls of remove curse {unknown}
 q - a scroll of fear {unknown}
 r - a scroll of random uselessness {unknown}
Potions
 i - a potion of heal wounds {unknown}
 j - a potion of resistance {unknown}
 l - a potion of haste {unknown}
Comestibles
 e - 2 rations


   Skills:
 + Level 2.9 Fighting
 * Level 4.5 Short Blades
 + Level 5.2 Dodging
 + Level 2.6 Stealth


You had 3 spell levels left.
You didn't know any spells.

Dungeon Overview and Level Annotations

Branches:
Dungeon (3/15)

Altars:
Hepliaklqana


Innate Abilities, Weirdness & Mutations

You are very small and have problems with some larger weapons.
You are too small for most types of armour.
You have supernaturally acute eyesight. (SInv)
You are a herbivore.
You cover ground extremely quickly.
You need consume almost no food.


Message History

The adder is heavily wounded.
The adder misses you.
You closely miss the adder.
The adder is heavily wounded.
You feel sick. The adder barely misses you. The adder bites you.
You are more poisoned.
The adder poisons you!
You take 4 damage, and have 15/23 hp.
You miss the adder.
The adder is heavily wounded.
You feel sick. The adder completely misses you.
You take 1 damage, and have 14/23 hp.
You hit the adder.
The adder is heavily wounded.
The adder bites you.
You are lethally poisoned!
The adder poisons you!
You miss the adder.
The adder is heavily wounded.
You feel sick. The adder bites you.
* * * LOW HITPOINT WARNING * * *
You are too injured to fight recklessly!
You take 5 damage, and have 9/23 hp.
MASSIVE DAMAGE!!
You are too injured to fight recklessly!
You are too injured to fight recklessly!
You are too injured to fight recklessly!
You are too injured to fight recklessly!
You are too injured to fight recklessly!
You are too injured to fight recklessly!
You are too injured to fight recklessly!
You are too injured to fight recklessly!
You are too injured to fight recklessly!
You are too injured to fight recklessly!
You are too injured to fight recklessly!
You are too injured to fight recklessly!
You are too injured to fight recklessly!
You are too injured to fight recklessly!
You are too injured to fight recklessly!
You miss the adder.
The adder is heavily wounded.
* * * LOW HITPOINT WARNING * * *
You feel sick. The adder barely misses you.
You take 1 damage, and have 8/23 hp.
You hit the adder.
The adder is almost dead.
* * * LOW HITPOINT WARNING * * *
You feel sick. The adder misses you.
You take 1 damage, and have 7/23 hp.
You closely miss the adder.
The adder is almost dead.
* * * LOW HITPOINT WARNING * * *
You feel sick. The adder bites you.
* * * LOW HITPOINT WARNING * * *
You take 6 damage, and have 1/23 hp.
MASSIVE DAMAGE!!
Unknown command.
It was a potion of curing.
You feel better. The adder completely misses you. The adder closely misses you.
You regained 8 hp, and now have 9/23 hp.
You hit the adder.
You kill the adder!
Trog accepts your kill.
Unknown command.
There is a stone staircase leading up here.
You see here an adder corpse.
You now have 122 gold pieces (gained 9).
You see here a club.
o - 3 scrolls labeled HEOSIJUFAOR (gained 1)
Things that are here:
a hand axe; a robe; an orc skeleton Health restored: 23
Found a stone staircase leading down.
You now have 136 gold pieces (gained 14).
An orc comes into view. It is wielding a dagger.
An orc priest comes into view. It is wielding a dagger.
An orc comes into view. It is wielding a hand axe.
The orc shouts!
A ball python and an orc come into view.
An orc priest comes into view. It is wielding a dagger.
The orc priest shouts!
The orc shouts!
The orc priest shouts!
The ball python hisses angrily.
You hit the orc.
The orc is heavily wounded.
The orc hits you but does no damage.
You closely miss the orc.
The orc is heavily wounded.
The orc barely misses you.
The orc priest looks encouraged for a moment.
The orc closely misses you.
You closely miss the orc.
The orc is heavily wounded.
The orc completely misses you.
The orc priest calls down the wrath of Beogh upon you.
Beogh smites you!
The orc priest begins to cast a cantrip, but forgets the words!
The orc completely misses you. x2
You take 11 damage, and have 12/23 hp.
MASSIVE DAMAGE!!
The orc priest mumbles some strange prayers to Beogh against you.
Beogh smites you!
Ouch! That really hurt!
You die... ███████

█.....███████████
█...>...........█
█████......████████.███
..........██ ██...██
██████.....████████.....█
$...........@...........█
████.█..oo██████████.....█
.....█..o██████ ██...██
██.?.S.......█ █.)██
█.█.oo█████.█ █).█ █.█...█
.█ ██..█ █ █...█ .█
█.†.█████ █...█ .█
█.█.█...█ █..██ .█
█.█...<(█


You could see an orc priest and an orc.

Vanquished Creatures
  Robin (D:2)
  3 adders
  A worm (D:2)
  4 dart slugs
  A leopard gecko (D:1)
  An orc (D:3)
  8 bats
  A giant cockroach (D:1)
  12 goblins
  2 hobgoblins
  4 jackals (D:1)
  A quokka (D:2)
  3 frilled lizards
  5 kobolds
  3 rats (D:2)
50 creatures vanquished.

Notes
Turn   | Place    | Note
-------+----------+-------------------------------------------
     0 | D:1      | Goblin1989 the Spriggan Berserker began the quest for the Orb.
     0 | D:1      | Reached XP level 1. HP: 11/11 MP: 2/2
   122 | D:1      | Reached skill level 1 in Stealth
   202 | D:1      | Reached XP level 2. HP: 16/16 MP: 3/3
   666 | D:2      | Reached XP level 3. HP: 19/19 MP: 4/4
   798 | D:2      | Reached ** piety under Trog
  1466 | D:2      | Noticed Robin
  1627 | D:2      | Killed Robin
  1627 | D:2      | Reached skill level 5 in Dodging
  1839 | D:2      | Reached XP level 4. HP: 23/23 MP: 5/5
  2118 | D:2      | Found a hazy altar of Hepliaklqana.
  2387 | D:3      | HP: 1/23 [adder (5)]
  2628 | D:3      | Killed from afar by an orc priest

Skill      XL: |  1  2  3 |
---------------+----------+-----
Stealth        | 1 2 |  2.6
Short Blades   | 4 |  4.5
Dodging        | 5 |  5.2
Fighting       | |  2.9

Action                   |  1- 3 |  4- 6 || total
-------------------------+-------+-------++-------
Melee: Short sword       |   151 |    51 ||   202
  Use: Potion            |       |     1 ||     1
 Stab: Sleeping          |     1 |     2 ||     3
       Distracted        |       |     1 ||     1
Armor: Animal skin       |    15 |     5 ||    20
Dodge: Dodged            |   142 |    44 ||   186

Vault maps used:
D:1:      dpeg_arrival_short_road
D:2:      marbit_many_paths, minmay_misc_feat_hallway, corexii_shack, uniq_robin
D:3:      lightli_temple_of_fire, grunt_temple_overflow_open
